 Dungeon Crawl Stone Soup version 0.29-a0-825-g72347fce65 (webtiles) character file.

Game seed: 14955358154453795086

20823 Ijustatesigmund the Thaumaturge (level 12, 0/67 HPs)
             Began as a Deep Elf Earth Elementalist on June 28, 2022.
             Was a Priest of Cheibriados.
             Slain by a minotaur
             ... wielding a +3 battleaxe of electrocution
              (2 damage)
             ... in a Gauntlet on July 11, 2022.
             The game lasted 01:01:31 (20924 turns).

Ijustatesigmund the Thaumaturge (DEEE)             Turns: 20924, Time: 01:01:31

Health: 0/67       AC:  9    Str: 15    XL:     12   Next: 48%
Magic:  24/31      EV: 17    Int: 33    God:    Cheibriados [***...]
Gold:   801        SH:  0    Dex: 30    Spells: 23/37 levels left

rFire   + . .      SeeInvis .   c - +6 short sword (flame)
rCold   . . .      Faith    .   (no shield)
rNeg    + . .      Spirit   .   g - +0 troll leather armour
rPois   .          Reflect  .   (no helmet)
rElec   .          Harm     .   m - +1 cloak
rCorr   .          Rampage  .   q - +1 pair of gloves
Will    +....      NoTele   +   C - +0 pair of boots "Coros" {rC+ Int+2}
Stlth   +++.......              (no amulet)
HPRegen 1.01/turn               E - ring of fire
MPRegen 0.22/turn               N - ring of positive energy

@: brilliant, very slow
A: agile 2, strong 1
a: Renounce Religion, Bend Time, Temporal Distortion


You were in a Gauntlet.
You worshipped Cheibriados.
Cheibriados was most pleased with you.
You visited 2 branches of the dungeon, and saw 13 of its levels.
You also visited: Sewer, Ossuary, Bailey and Gauntlet.

You collected 801 gold pieces.

Inventory:

Hand Weapons
 c - a +6 short sword of flaming (weapon)
Missiles
 k - 6 silver boomerangs
 n - a throwing net
Armour
 g - a +0 troll leather armour (worn)
 l - the +1 robe "Kuruumug" {rElec rF- rN+}
   (You found it on level 4 of the Dungeon)

   rF:        It makes you vulnerable to fire.
   rElec:     It insulates you from electricity.
   rN:        It protects you from negative energy.
 m - a +1 cloak (worn)
 q - a +1 pair of gloves (worn)
 C - the +0 pair of boots "Coros" (worn) {rC+ Int+2}
   (You found it in a Gauntlet)

   Int:       It affects your intelligence (+2).
   rC:        It protects you from cold.
 J - a +2 pair of boots of stealth
Magical Staves
 f - a staff of air
 K - a staff of earth
Jewellery
 u - a ring of ice
 A - a ring of poison resistance
 E - a ring of fire (left hand)
 M - a +6 ring of intelligence
 N - a ring of positive energy (right hand)
Wands
 r - a wand of digging (8)
 v - a wand of flame (5)
 B - a wand of charming (1)
 D - a wand of iceblast (5)
 H - a wand of acid (1)
Scrolls
 p - 4 scrolls of amnesia
 s - 2 scrolls of fog
 x - a scroll of fear
 y - 2 scrolls of immolation
 G - a scroll of teleportation
 L - a scroll of enchant weapon
Potions
 a - a potion of heal wounds
 b - 2 potions of magic
 d - 6 potions of curing
 e - 2 potions of cancellation
 h - a potion of ambrosia
 i - 5 potions of lignification
 j - 2 potions of brilliance
 o - a potion of flight
 t - 2 potions of attraction {unknown}
 w - a potion of might {unknown}
 z - 4 potions of haste {unknown}
 F - a potion of berserk rage {unknown}


   Skills:
 - Level 4.3 Fighting
 - Level 2.1 Short Blades
 - Level 2.1 Armour
 - Level 5.2 Dodging
 - Level 3.4 Stealth
 + Level 13.2 Spellcasting
 + Level 10.6 Conjurations
 - Level 4.1 Transmutations
 - Level 6.0 Fire Magic
 + Level 8.7 Earth Magic
 + Level 8.6 Invocations
 - Level 5.5 Evocations


You had 23 spell levels left.
You knew the following spells:

 Your Spells              Type           Power      Damage    Failure   Level
a - Sandblast             Erth           100%       2d20      1%          1
b - Stone Arrow           Conj/Erth      100%       3d13      1%          3
c - Passwall              Tmut/Erth      64%        N/A       1%          2
d - Flame Wave            Conj/Fire      100%       2d17      1%          4
e - Petrify               Tmut/Erth      77%        N/A       1%          4

Your spell library contained the following spells:

 Spells                   Type           Power      Damage    Failure   Level
 Foxfire                  Conj/Fire      100%       2x1d9     1%          1
 Conjure Flame            Conj/Fire      100%       6-21      1%          3
 Inner Flame              Hex/Fire       76%        N/A       2%          3
 Ensorcelled Hibernation  Hex/Ice        64%        N/A       3%          2
 Animate Armour           Summ/Erth      100%       N/A       4%          4
 Swiftness                Air            32%        N/A       8%          3
 Lehudib's Crystal Spear  Conj/Erth      45%        10d11     97%         8


Dungeon Overview and Level Annotations

Branches:
Dungeon (12/15)            Temple (1/1) D:6            Lair (0/6) D:11
    Orc (0/2) D:11          Sewer (visited)         Ossuary (visited)
 Bailey (visited)         Gauntlet (1/1)

Altars:
Cheibriados
Elyvilon
Hepliaklqana
Okawaru
Trog
Uskayaw
Wu Jian
Yredelemnul
Zin
The Shining One

Annotations:
D:8 2 transporters
D:10 exclusion: statue Gauntlet 2 transporters, 2 runed translucent doors


Innate Abilities, Weirdness & Mutations

You are very agile. (Dex +8, Str/Int -2)
Your muscles are strong. (Str +4, Int/Dex -1)


Message History

Casting: Flame Wave (dangerous; 1% risk of failure)
Confirm with . or Enter, or press ? or * to list all spells.
Aiming: Petrify (dangerous; 1% risk of failure)
Press: ? - help, Shift-Dir - straight line, f - minotaur
Aim: a minotaur, wielding a +3 battleaxe of electrocution, wearing a +0 chain mail and quivering javelins (wandering, hasn't noticed you, chance to affect: 18%)
Okay, then.
Casting: Petrify (dangerous; 1% risk of failure)
Confirm with . or Enter, or press ? or * to list all spells.
Aiming: Stone Arrow (safe; 1% risk of failure)
Press: ? - help, Shift-Dir - straight line, f - minotaur
Aim: a minotaur, wielding a +3 battleaxe of electrocution, wearing a +0 chain mail and quivering javelins (wandering, hasn't noticed you, 87% to hit)
You feel a surge of power!
The stone arrow hits the minotaur!!
The minotaur is moderately wounded.
The minotaur throws a javelin.
The javelin pierces through you!!
Casting: Stone Arrow (safe; 1% risk of failure)
Confirm with . or Enter, or press ? or * to list all spells.
Aiming: Stone Arrow (safe; 1% risk of failure)
Press: ? - help, Shift-Dir - straight line, f/p - minotaur
Aim: a minotaur, wielding a +3 battleaxe of electrocution, wearing a +0 chain mail and quivering javelins (moderately wounded, 87% to hit)
You feel a surge of power!
The stone arrow hits the minotaur!
The minotaur is heavily wounded.
Casting: Stone Arrow (safe; 1% risk of failure)
Confirm with . or Enter, or press ? or * to list all spells.
Aiming: Stone Arrow (safe; 1% risk of failure)
Press: ? - help, Shift-Dir - straight line, f/p - minotaur
Aim: a minotaur, wielding a +3 battleaxe of electrocution, wearing a +0 chain mail and quivering javelins (heavily wounded, 87% to hit)
You feel a surge of power!
The stone arrow hits the minotaur!
The minotaur is severely wounded.
Casting: Stone Arrow (safe; 1% risk of failure)
Confirm with . or Enter, or press ? or * to list all spells.
Aiming: Stone Arrow (safe; 1% risk of failure)
Press: ? - help, Shift-Dir - straight line, f/p - minotaur
Aim: a minotaur, wielding a +3 battleaxe of electrocution, wearing a +0 chain mail and quivering javelins (black smoke, severely wounded, 87% to hit)
You feel a surge of power!
The stone arrow hits the minotaur.
The minotaur is severely wounded.
The minotaur hits you with a +3 battleaxe of electrocution!!!
Ouch! That really hurt!
* * * LOW HITPOINT WARNING * * *
The minotaur gores you.
You die...

###+## ..⌠.#
⌠...# ..⌠ ∩..
#.#
#######H#######
#....§§@§§....#
#.###§###§###.#
#.............#
##.###.###.###
####.###.###.###
#...............
#...............
#####......#####
#.©..©.#########
#


You could see a minotaur.

Vanquished Creatures
  The ghost of LetschGu the Fighter, a journeyman DjWr of Hepliaklqana (D:11)
  2 boulder beetles
  3 two-headed ogres
  2 orc knights (D:11)
  Pikel (D:7)
  An orc sorcerer (Bailey)
  A deep elf zephyrmancer (D:6)
  A worldbinder (Gauntlet)
  8 centaur zombies (D:11)
  Maggie (D:7)
  3 kobold demonologists
  2 trolls
  Prince Ribbit (D:7)
  A hornet (D:9)
  2 meliai zombies (D:11)
  3 centaur simulacra (Gauntlet)
  4 vampires (D:10)
  A wyvern (D:11)
  8 yaks
  3 shadows
  5 wraiths
  A steam dragon (D:8)
  An unseen horror simulacrum (D:9)
  Menkaure (D:5)
  5 vampire mosquitoes
  An acid dragon (D:6)
  Duvessa (D:7)
  A water moccasin (D:7)
  A black bear (D:6)
  An ice beast (D:7)
  A boggart (Gauntlet)
  17 orc warriors
  3 centaurs
  4 wolves
  A phantom (D:6)
  3 kobold brigands
  A necrophage (D:6)
  3 scorpions
  2 bullfrogs
  A gnoll sergeant (D:6)
  Dowan (D:7)
  6 killer bees (D:9)
  2 howler monkeys (D:9)
  6 electric eels
  A lava snake (D:7)
  A wyvern simulacrum (Gauntlet)
  A gnoll bouda (D:5)
  2 jellies (D:8)
  9 hounds
  3 orc priests
  2 orc wizards
  A hell rat (Sewer)
  A boggart simulacrum (Gauntlet)
  A mummy (Ossuary)
  A howler monkey zombie (D:11)
  12 gnolls
  6 adders
  3 river rats (Sewer)
  3 shadow imps
  A white imp (D:9)
  A howler monkey simulacrum (D:9)
  An ufetubus (D:9)
  A worm (D:3)
  4 dart slugs
  45 orcs
  8 endoplasms
  2 giant cockroaches
  13 hobgoblins
  5 jackals
  15 kobolds
  2 quokkas
  6 ball pythons
  5 bats
  3 frilled lizards (D:3)
  5 gnoll skeletons (Ossuary)
  14 goblins
  7 kobold skeletons (Ossuary)
  13 orc skeletons (Ossuary)
  9 rats
325 creatures vanquished.

Vanquished Creatures (collateral kills)
  A yak (D:10)
  An acid dragon (D:11)
2 creatures vanquished.

Vanquished Creatures (others)
  A centaur zombie (D:11)
  A yak (D:10)
  A kobold brigand (D:11)
  An electric eel (D:11)
  An orc priest (D:11)
  A plant (Gauntlet)
  6 withered plants (D:11)
12 creatures vanquished.

Grand Total: 339 creatures vanquished

Notes
Turn   | Place    | Note
-------+----------+-------------------------------------------
     0 | D:1      | Ijustatesigmund the Deep Elf Earth Elementalist began the
                  | quest for the Orb.
     0 | D:1      | Reached XP level 1. HP: 10/10 MP: 6/6
   126 | D:1      | Reached XP level 2. HP: 15/15 MP: 4/8
   984 | D:2      | Reached skill level 4 in Spellcasting
  1045 | D:2      | Reached XP level 3. HP: 19/19 MP: 6/10
  1050 | D:2      | Learned a level 3 spell: Stone Arrow
  1053 | D:2      | Learned a level 2 spell: Passwall
  2289 | D:3      | Reached skill level 1 in Conjurations
  2450 | D:3      | Found a basalt altar of Yredelemnul.
  3028 | D:4      | Reached XP level 4. HP: 8/24 MP: 3/12
  3239 | D:4      | Identified the +1 robe "Kuruumug" {rElec rF- rN+}
  3249 | D:4      | Found a sand-covered staircase.
  3299 | Ossuary  | Entered an ossuary
  3299 | Ossuary  | Noticed a wraith
  3299 | Ossuary  | Noticed a wraith
  3299 | Ossuary  | Noticed a wraith
  3548 | Ossuary  | Noticed a wraith
  3566 | Ossuary  | Killed a wraith
  3567 | Ossuary  | Reached skill level 6 in Spellcasting
  3567 | Ossuary  | Reached XP level 5. HP: 19/28 MP: 9/15
  3957 | Ossuary  | Reached XP level 6. HP: 32/32 MP: 15/17
  3966 | Ossuary  | Learned a level 4 spell: Flame Wave
  4656 | D:4      | Reached skill level 1 in Fire Magic
  5143 | D:5      | Entered Level 5 of the Dungeon
  5286 | D:5      | Found a glowing drain.
  5295 | Sewer    | Entered a sewer
  6285 | D:5      | Reached skill level 7 in Spellcasting
  6285 | D:5      | Reached XP level 7. HP: 36/36 MP: 15/19
  6471 | D:5      | Gained mutation: You occasionally lose the ability to drink
                  | potions when taking damage. [potion of mutation]
  6472 | D:5      | Lost mutation: You occasionally lose the ability to drink
                  | potions when taking damage. [potion of mutation]
  6472 | D:5      | Gained mutation: Your spells are a little harder to cast,
                  | but a little more powerful. [potion of mutation]
  6472 | D:5      | Gained mutation: You are dopey. (Int -2) [potion of
                  | mutation]
  6473 | D:5      | Lost mutation: Your spells are a little harder to cast, but
                  | a little more powerful. [potion of mutation]
  6473 | D:5      | Lost mutation: You are dopey. (Int -2) [potion of mutation]
  6473 | D:5      | Gained mutation: Your magical capacity is low. (-10% MP)
                  | [potion of mutation]
  6473 | D:5      | Gained mutation: You passively dampen the noise of your
                  | surroundings. [potion of mutation]
  6473 | D:5      | Gained mutation: Armour fits poorly on your strangely
                  | shaped body. [potion of mutation]
  6473 | D:5      | Gained mutation: You have supernaturally acute eyesight.
                  | (SInv) [potion of mutation]
  6474 | D:5      | Lost mutation: You passively dampen the noise of your
                  | surroundings. [potion of mutation]
  6474 | D:5      | Lost mutation: You have supernaturally acute eyesight.
                  | (SInv) [potion of mutation]
  6474 | D:5      | Lost mutation: Armour fits poorly on your strangely shaped
                  | body. [potion of mutation]
  6474 | D:5      | Gained mutation: Your spells are a little easier to cast,
                  | but a little less powerful. [potion of mutation]
  6474 | D:5      | Gained mutation: You possess an exceptional clarity of
                  | mind. [potion of mutation]
  6475 | D:5      | Lost mutation: You possess an exceptional clarity of mind.
                  | [potion of mutation]
  6475 | D:5      | Lost mutation: Your magical capacity is low. (-10% MP)
                  | [potion of mutation]
  6475 | D:5      | Lost mutation: Your spells are a little easier to cast, but
                  | a little less powerful. [potion of mutation]
  6475 | D:5      | Gained mutation: You occasionally lose the ability to read
                  | scrolls when taking damage. [potion of mutation]
  6475 | D:5      | Gained mutation: You are agile. (Dex +4, Str/Int -1)
                  | [potion of mutation]
  6475 | D:5      | Gained mutation: You are dopey. (Int -2) [potion of
                  | mutation]
  6598 | D:5      | Noticed Menkaure
  6603 | D:5      | Killed Menkaure
  6772 | D:6      | Reached skill level 5 in Conjurations
  7069 | D:6      | Found a staircase to the Ecumenical Temple.
  7095 | D:6      | Reached skill level 8 in Spellcasting
  7095 | D:6      | Reached XP level 8. HP: 16/41 MP: 6/22
  7632 | D:6      | Noticed a deep elf zephyrmancer
  7636 | D:6      | Killed a deep elf zephyrmancer
  7637 | D:6      | Reached skill level 9 in Spellcasting
  7637 | D:6      | Reached skill level 5 in Fire Magic
  8343 | D:6      | Found a glowing golden altar of the Shining One.
  8569 | D:7      | Identified the +6 long sword "Efunoyri" {antimagic, +Blink
                  | rPois Str+4 Stlth+}
  8658 | D:7      | Noticed Prince Ribbit
  8672 | D:7      | Killed Prince Ribbit
  8673 | D:7      | Reached XP level 9. HP: 46/46 MP: 3/24
  8792 | D:7      | Reached skill level 10 in Spellcasting
  8793 | D:7      | Noticed Maggie
  8794 | D:7      | Reached skill level 1 in Fighting
  8799 | D:7      | Killed Maggie
  9012 | D:7      | Noticed Duvessa
  9013 | D:7      | Noticed Dowan
  9028 | D:7      | Killed Duvessa
  9028 | D:7      | Killed Dowan
  9029 | D:7      | Reached skill level 5 in Earth Magic
  9339 | D:7      | Found a white marble altar of Elyvilon.
  9351 | D:7      | Identified the +1 scale mail of Nemelex Xobeh's Envy {Harm
                  | +Inv Str-5 Int+4}
  9664 | D:7      | Found a hide-covered altar of Uskayaw.
  9700 | D:7      | Noticed Pikel
  9704 | D:7      | Killed Pikel
 10044 | D:8      | Found a transporter.
 10071 | D:8      | Found a hazy altar of Hepliaklqana.
 10085 | D:8      | Found a transporter.
 10116 | D:8      | Reached skill level 11 in Spellcasting
 10116 | D:8      | Found a flagged portal.
 10122 | Bailey   | Entered a bailey
 10601 | Bailey   | Reached XP level 10. HP: 54/56 MP: 8/27
 11059 | Bailey   | Found an iron altar of Okawaru.
 11066 | Bailey   | Noticed an orc sorcerer
 11068 | Bailey   | Paralysed by an orc sorcerer for 5 turns
 11073 | Bailey   | Killed an orc sorcerer
 11516 | Bailey   | Acquired a staff of earth
 11736 | D:8      | Reached skill level 12 in Spellcasting
 12109 | D:8      | Found a bloodstained altar of Trog.
 12141 | D:8      | Noticed a boulder beetle
 12170 | D:8      | Found an iron altar of Okawaru.
 12355 | D:8      | Learned a level 4 spell: Petrify
 12411 | D:8      | Killed a boulder beetle
 12830 | D:8      | Found an ornate altar of the Wu Jian Council.
 12984 | Temple   | Entered the Ecumenical Temple
 12990 | Temple   | Became a worshipper of Cheibriados the Contemplative
 13372 | D:9      | Reached skill level 1 in Invocations
 13771 | D:9      | Found a glowing silver altar of Zin.
 13991 | D:9      | Reached * piety under Cheibriados
 13997 | D:9      | Reached XP level 11. HP: 44/62 MP: 12/29
 14538 | D:10     | Entered Level 10 of the Dungeon
 14564 | D:10     | Reached skill level 10 in Conjurations
 15351 | D:10     | Noticed a two-headed ogre
 15360 | D:10     | Killed a two-headed ogre
 15514 | D:10     | Identified the +1 scale mail of Fashionability {rN+ Str+4
                  | Dex-4 SInv}
 15556 | D:10     | Reached ** piety under Cheibriados
 15633 | D:10     | Noticed an archer statue
 15968 | D:10     | Noticed a two-headed ogre
 15976 | D:10     | Killed a two-headed ogre
 15977 | D:10     | Reached skill level 13 in Spellcasting
 16165 | D:11     | Noticed LetschGu's ghost (journeyman DjWr)
 16165 | D:11     | Found a runed translucent door.
 16196 | D:11     | Killed LetschGu's ghost
 16299 | D:11     | Lost mutation: You are dopey. (Int -2) [potion of mutation]
 16299 | D:11     | Lost mutation: You occasionally lose the ability to read
                  | scrolls when taking damage. [potion of mutation]
 16299 | D:11     | Gained mutation: Your muscles are strong. (Str +4, Int/Dex
                  | -1) [potion of mutation]
 16299 | D:11     | Gained mutation: You are very agile. (Dex +8, Str/Int -2)
                  | [potion of mutation]
 16452 | D:11     | Noticed a boulder beetle
 17030 | D:11     | Reached skill level 5 in Dodging
 17172 | D:11     | Reached skill level 5 in Invocations
 17363 | D:11     | Upgraded the game from 0.29-a0-722-g64f5989226 to
                  | 0.29-a0-825-g72347fce65
 17747 | D:11     | Reached skill level 1 in Short Blades
 17747 | D:11     | Reached skill level 1 in Armour
 18172 | D:11     | Found a staircase to the Orcish Mines.
 18172 | D:11     | Noticed an orc knight
 18172 | D:11     | Noticed an orc knight
 18686 | D:11     | Noticed a soul eater
 18779 | D:11     | Noticed a two-headed ogre
 18793 | D:11     | Killed a two-headed ogre
 18794 | D:11     | Reached XP level 12. HP: 67/67 MP: 29/31
 18876 | D:11     | Reached *** piety under Cheibriados
 19206 | D:11     | Found a staircase to the Lair.
 19906 | D:11     | Killed a boulder beetle
 19907 | D:11     | Reached skill level 5 in Evocations
 20524 | D:12     | Found a gate leading to a gauntlet.
 20533 | Gauntlet | Entered a Gauntlet
 20533 | Gauntlet | Found a transporter.
 20533 | Gauntlet | Found a runed translucent door.
 20533 | Gauntlet | Found a transporter.
 20533 | Gauntlet | Found a runed translucent door.
 20548 | Gauntlet | Found a transporter.
 20548 | Gauntlet | Found a transporter.
 20671 | Gauntlet | Found a transporter.
 20671 | Gauntlet | Found a transporter.
 20683 | Gauntlet | Noticed a hell beast
 20857 | Gauntlet | Found a transporter.
 20859 | Gauntlet | Identified the +0 pair of boots "Coros" {rC+ Int+2}
 20863 | Gauntlet | Found a transporter.
 20890 | Gauntlet | Noticed a death yak
 20891 | Gauntlet | Noticed a death yak
 20892 | Gauntlet | Noticed a death yak
 20895 | Gauntlet | Noticed a death yak
 20896 | Gauntlet | Noticed a death yak
 20920 | Gauntlet | Noticed a minotaur
 20924 | Gauntlet | HP: 2/67 [minotaur/+3 battleaxe of electrocution (40)]
 20924 | Gauntlet | Slain by a minotaur

Illustrated notes

Levels and vault maps discovered:
D:1:      saegor_arrival_miasma, layout_basic
D:2:      layout_loops_ring
D:3:      layout_loops_corners, amcnicky_altar_gilded
D:4:      layout_gridville, nicolae_ossuary_entry_false_entrances,
          kennysheep_diamond, grunt_ministairs_15
D:5:      layout_basic, portal_sewer_entry_d, uniq_menkaure
D:6:      layout_gridville, mainiacjoe_overflow_catwalk, temple_pool_b,
          guppyfry_early_elven_hall
D:7:      layout_loops_ring, nicolae_uskayaw_suspiria,
          mainiacjoe_overflow_six_doors_small, uniq_maggie, uniq_duvessa,
          uniq_pikel, uniq_prince_ribbit1
D:8:      gammafunk_steamed_eel, layout_basic, trog_book,
          mainiacjoe_overflow_surrounded_room, minitemple, enter_bailey_2
D:9:      layout_irregular_city, zin_statuary, serial_ice, serial_ice_i,
          serial_ice_b, serial_ice_a, serial_ice_c, grunt_decor_fettered
D:10:     layout_gridville, minmay_dual_archer_statues
D:11:     layout_irregular_city, erik_lair_island, david_orc_5, serial_undead,
          serial_undead_d, serial_undead_d, serial_undead_b, serial_undead_c,
          serial_undead_b, serial_undead_f, serial_undead_c,
          hellmonk_ghost_happy_afterlife
D:12:     layout_long_grid, gauntlet_entry_generic,
          minmay_misc_feat_four_crosses
Temple:   dshaligram_water_room_temple
Gauntlet: minmay_gauntlet_mixed_big_or_small [gammafunk_gauntlet_arena_chambers,
          minmay_gauntlet_arena_77_shame_cube, gammafunk_gauntlet_arena_grid,
          minmay_gauntlet_arena_77_museum, nicolae_gauntlet_swirl,
          minmay_gauntlet_arena_77_broken_ladder, gauntlet_exit_hidden_loot]

Skill      XL: |  1  2  3  4  5  6  7  8  9 10 11 12 |
---------------+-------------------------------------+-----
Spellcasting   | 4 6 7 8 9 11 12 13 | 13.2
Earth Magic    | 4 6 7 8 |  8.7
Conjurations   | 1 3 4 5 7 8 9 10 | 10.6
Fire Magic     | 2 4 6 |  6.0
Fighting       | 3 4 |  4.3
Dodging        | 3 5 |  5.2
Stealth        | 3 |  3.4
Invocations    | 1 6 8 |  8.6
Transmutations | 2 4 |  4.1
Short Blades   | 2 |  2.1
Armour         | 2 |  2.1
Evocations     | 2 5 |  5.5

Action                   |  1- 3 |  4- 6 |  7- 9 | 10-12 || total
-------------------------+-------+-------+-------+-------++-------
Melee: Short sword       |       |     3 |     8 |   103 ||   114
       Punch             |       |       |     1 |     3 ||     4
       Long sword        |       |       |       |     4 ||     4
 Cast: Sandblast         |    66 |    74 |    21 |     7 ||   168
       Stone Arrow       |     1 |    24 |    87 |   208 ||   320
       Passwall          |       |     3 |       |     6 ||     9
       Flame Wave        |       |       |     7 |    26 ||    33
       Petrify           |       |       |       |    20 ||    20
Evoke: Wand              |       |       |     6 |    46 ||    52
  Use: Scroll            |     4 |     9 |     7 |    16 ||    36
       Potion            |       |     1 |     6 |     7 ||    14
 Stab: Sleeping          |       |       |     1 |     1 ||     2
       Petrified         |       |       |       |    50 ||    50
       Petrifying        |       |       |       |     1 ||     1
Armor: Robe              |     4 |     8 |     5 |    58 ||    75
       Troll leather arm |       |       |       |    43 ||    43
Dodge: Dodged            |    17 |    45 |    36 |   215 ||   313

Table legend: (Time is in decaauts)
 A = Elapsed time spent in this place.
 B = Non-inter-level travel time spent in this place.
 C = Inter-level travel time spent in this place.
 D = Time resting spent in this place.
 E = Time spent auto-exploring this place.
 F = Levels seen in this place.
 G = Mean time per level.
                   A        B        C        D        E       F      G
               +--------+--------+--------+--------+--------+-----+--------+
         Total |  22204 |  21563 |    641 |   9304 |   8940 |  17 | 1306.1 |
       Dungeon |  18870 |  18230 |    640 |   7163 |   8398 |  12 | 1572.5 |
        Temple |     14 |     14 |      0 |      0 |      0 |   1 |   14.0 |
         Sewer |    475 |    475 |      0 |    361 |     31 |   1 |  475.0 |
       Ossuary |    796 |    796 |      0 |    478 |    152 |   1 |  796.0 |
        Bailey |   1617 |   1617 |      0 |   1036 |    357 |   1 | 1617.0 |
      Gauntlet |    431 |    431 |      0 |    266 |      1 |   1 |  431.0 |
               +--------+--------+--------+--------+--------+-----+--------+

Top non-repeatable levels by time:
    D:10: 3811 daAuts
    D:11: 2906 daAuts
     D:6: 1698 daAuts
     D:9: 1659 daAuts
     D:7: 1618 daAuts
  Bailey: 1617 daAuts
     D:4: 1462 daAuts
     D:8: 1349 daAuts
     D:5: 1276 daAuts
     D:3: 1217 daAuts
     D:1: 1005 daAuts
 Ossuary: 796 daAuts
     D:2: 785 daAuts
   Sewer: 475 daAuts
Gauntlet: 431 daAuts
